 Dungeon Crawl Stone Soup version 0.28-a0-313-gbc0475efdd (webtiles) character file.

Game seed: 8375941130223097210

452 Dittersdorf the Shield-Bearer (level 7, 0/44 HPs)
             Began as a Gargoyle Fighter on Aug 31, 2021.
             Slain by Eustachio (3 damage)
             ... on level 3 of the Dungeon.
             The game lasted 00:05:28 (4848 turns).

Dittersdorf the Shield-Bearer (Gargoyle Fighter)    Turns: 4848, Time: 00:05:28

Health: 0/44       AC: 13    Str: 21      XL:     7   Next: 5%
Magic:  7/7        EV:  7    Int:  9      God:
Gold:   126        SH:  8    Dex:  7 (9)  Spells: 6/6 levels left

rFire   . . .      SeeInvis .   a - +0 flail
rCold   + . .      Faith    .   c - +0 kite shield
rNeg    + . .      Spirit   .   b - +0 scale mail
rPois   ∞          Reflect  .   (no helmet)
rElec   +          Harm     .   j - +0 cloak
rCorr   .          Rampage  .   (no gloves)
Will    .....                   (no boots)
Stlth   ..........              (no amulet)
HPRegen 0.14/turn               g - ring of protection from cold
MPRegen 0.10/turn               (no ring)

@: no status effects
A: sickness immunity, AC +4, negative energy resistance 1, electricity
resistance, torment resistance 1, petrification resistance
a: no special abilities


You were on level 3 of the Dungeon.
You visited 1 branch of the dungeon, and saw 4 of its levels.

You collected 126 gold pieces.

Inventory:

Hand Weapons
 a - a +0 flail (weapon)
Armour
 b - a +0 scale mail (worn)
 c - a +0 kite shield (worn)
 j - a +0 cloak (worn)
Jewellery
 g - a ring of protection from cold (left hand)
 l - a ring of ice
Wands
 h - a wand of iceblast (12)
Scrolls
 e - a scroll of silence {unknown}
 f - 2 scrolls of enchant weapon {unknown}
 m - a scroll of teleportation
 n - 2 scrolls of summoning
Potions
 d - 2 potions of might
 i - a potion of heal wounds {unknown}


   Skills:
 + Level 5.1 Fighting
 + Level 3.9 Maces & Flails
 + Level 5.0 Armour
 + Level 5.1 Shields


You had 6 spell levels left.
You didn't know any spells.
Your spell library was empty.

Dungeon Overview and Level Annotations

Branches:
Dungeon (4/15)
 Temple: D:4-7

Altars:
Wu Jian

Shops:
D:2 *   D:4 =

Annotations:
D:3 Eustachio


Innate Abilities, Weirdness & Mutations

You are immune to sickness and miasma.
Your stone body is resilient. (AC +4)
You are immune to poison.
You resist negative energy. (rN+)
You are resistant to electric shocks. (rElec)
You are resistant to unholy torment.
You are immune to petrification.


Message History

The white imp hits you but does no damage.
You block Eustachio's attack.
You closely miss the quokka.
The ufetubus hits you but does no damage.
The ufetubus hits you.
* * * LOW HITPOINT WARNING * * *
The quokka bites you but does no damage.
The white imp closely misses you. The ufetubus hits you.
* * * LOW HITPOINT WARNING * * *
The ufetubus hits you but does no damage.
Eustachio hits you but does no damage.
The quokka bites you but does no damage.
You block the white imp's attack. You block the ufetubus's attack.
The ufetubus hits you but does no damage.
Eustachio barely misses you.
You hit the quokka.
You kill the quokka!
The quokka's corpse disappears in a puff of smoke!
The white imp disappears in a puff of smoke!
You block the ufetubus's attack. x2; Eustachio hits you but does no damage.
The quokka bites you but does no damage.
The ufetubus hits you but does no damage.
The ufetubus barely misses you.
You block the ufetubus's attack. x2; You block the quokka's attack.
There is a stone staircase leading up here.
The ufetubus hits you but does no damage. x2
You block the quokka's attack. Eustachio hits you but does no damage.
The ufetubus barely misses you. x2
You climb upwards.
The bat disappears in a puff of smoke!
The shadow imp disappears in a puff of smoke!
The ufetubus disappears in a puff of smoke!
The quokka disappears in a puff of smoke!
There is a stone staircase leading down here.
You closely miss Eustachio.
Eustachio is moderately wounded.
Eustachio hits you but does no damage.
You barely miss Eustachio.
Eustachio is moderately wounded.
Eustachio hits you with a +0 rapier.
You die...

......................(#≈≈§§§....
.####.##.#####.##.#.##.#≈≈≈≈≈≈≈≈§
.# #.##.#####.##.#.##.##########
.# #............................
.####.##.#.######......#...####.#
......##.#.##...##...###...# #.#
.........###8.<.8##..# #...# #.#
.####.##..#.......#..###...# #.#
.# #.........8.@.#........# #.#
.# ####.##.....@.######.#.# ###
.# #..##8.>.8## #.#.# ## .#
######...## #.#.# #. .# #########
####'#.# #. .# #......#
#......#####. .# #......#
#..........'. .# #......#
#......##.##. .# #......#
#......##.###


You could see Eustachio.

Vanquished Creatures
  2 black bears (D:3)
  A scorpion (D:2)
  A hound (D:4)
  Terence (D:3)
  A hound skeleton (D:4)
  3 gnolls
  2 adders (D:3)
  An ufetubus (D:4)
  2 adder skeletons (D:4)
  2 worms (D:3)
  4 dart slugs
  5 orcs
  9 endoplasms
  3 giant cockroaches
  3 hobgoblins
  6 jackals
  3 kobolds
  3 quokkas
  3 ball pythons
  4 bats
  A frilled lizard (D:1)
  3 goblins
  3 rats
66 creatures vanquished.

Notes
Turn   | Place    | Note
-------+----------+-------------------------------------------
     0 | D:1      | Dittersdorf the Gargoyle Fighter began the quest for the
                  | Orb.
     0 | D:1      | Reached XP level 1. HP: 14/14 MP: 1/1
    96 | D:1      | Reached XP level 2. HP: 19/19 MP: 2/2
   102 | D:1      | Found a faded altar of an unknown god.
   513 | D:2      | Reached XP level 3. HP: 4/23 MP: 3/3
   895 | D:2      | Noticed a scorpion
   928 | D:2      | Killed a scorpion
   929 | D:2      | Reached XP level 4. HP: 5/29 MP: 4/4
  1673 | D:2      | Reached XP level 5. HP: 17/33 MP: 5/5
  2227 | D:2      | Found Duachusi's Assorted Antiques.
  2876 | D:3      | Noticed Terence
  2883 | D:3      | Killed Terence
  3596 | D:4      | Found an ornate altar of the Wu Jian Council.
  3606 | D:4      | Noticed a black bear
  3616 | D:4      | Reached XP level 6. HP: 30/39 MP: 6/6
  3628 | D:3      | Killed a black bear
  3962 | D:4      | Found Hyuwkomo's Jewellery Shoppe.
  4141 | D:4      | Noticed Eustachio
  4142 | D:4      | Noticed a black bear
  4204 | D:3      | Killed a black bear
  4205 | D:3      | Reached skill level 5 in Fighting
  4205 | D:3      | Reached skill level 5 in Armour
  4205 | D:3      | Reached skill level 5 in Shields
  4205 | D:3      | Reached XP level 7. HP: 22/44 MP: 7/7
  4842 | D:4      | HP: 2/44 [ufetubus[Eustachio] (2)]
  4848 | D:3      | Slain by Eustachio

Illustrated notes

Levels and vault maps discovered:
D:1:      psy_arrival_radial02, layout_rooms,
          hellmonk_ecumenical_altar_arch_garden
D:2:      layout_loops_cross, serial_shops, nicolae_shop_overgrown_old_shop
D:3:      layout_basic, grunt_ministairs_7, kennysheep_generic_room_2,
          uniq_terence
D:4:      layout_basic, nicolae_wu_jian_wuxing_cycle, serial_shops, shop,
          uniq_eustachio

Skill      XL: |  1  2  3  4  5  6 |
---------------+-------------------+-----
Fighting       | 4 5 |  5.1
Armour         | 4 5 |  5.0
Shields        | 4 5 |  5.1
Maces & Flails | 3 |  3.9

Action                   |  1- 3 |  4- 6 |  7- 9 || total
-------------------------+-------+-------+-------++-------
Melee: Flail             |    74 |   176 |    57 ||   307
  Use: Scroll            |       |     7 |       ||     7
Armor: Scale mail        |    40 |   134 |    78 ||   252
Dodge: Dodged            |    33 |    56 |    39 ||   128
Block: Kite shield       |    36 |   111 |    51 ||   198

Table legend: (Time is in decaauts)
 A = Elapsed time spent in this place.
 B = Non-inter-level travel time spent in this place.
 C = Inter-level travel time spent in this place.
 D = Time resting spent in this place.
 E = Time spent auto-exploring this place.
 F = Levels seen in this place.
 G = Mean time per level.
                   A        B        C        D        E       F      G
               +--------+--------+--------+--------+--------+-----+--------+
         Total |   5002 |   4766 |    236 |   1984 |   1915 |   4 | 1250.5 |
       Dungeon |   5002 |   4766 |    236 |   1984 |   1915 |   4 | 1250.5 |
               +--------+--------+--------+--------+--------+-----+--------+

Top non-repeatable levels by time:
     D:3: 2032 daAuts
     D:2: 1599 daAuts
     D:1: 897 daAuts
     D:4: 472 daAuts
